 Dungeon Crawl Stone Soup version 0.27.1-3-gb3d3a73c9e (webtiles) character file.

Game seed: 12812691217960499944

6808 Crownlay the Cleaver (level 11, -19/104 HPs)
             Began as a Hill Orc Fighter on Oct 8, 2021.
             Was an Elder of Okawaru.
             Demolished by a white ugly thing (34 damage)
             ... on level 10 of the Dungeon.
             The game lasted 00:17:08 (12068 turns).

Crownlay the Cleaver (Hill Orc Fighter)            Turns: 12068, Time: 00:17:08

Health: -19/104    AC: 11    Str: 23    XL:     11   Next: 5%
Magic:  15/16      EV: 15    Int:  8    God:    Okawaru [****..]
Gold:   543        SH:  0    Dex: 10    Spells: 10/10 levels left

rFire    . . .     SeeInvis .   a - +4 war axe (flame)
rCold    . . .     Faith    +   (no shield)
rNeg     . . .     Spirit   .   b - +0 scale mail
rPois    .         Reflect  .   y - +0 helmet
rElec    .         Harm     .   F - scarf {shadows}
rCorr    .         Rampage  .   (no gloves)
Will     +....                  K - +0 pair of boots
Stlth    +.........             s - amulet of faith
HPRegen  0.27/turn              g - +4 ring of evasion
MPRegen  0.15/turn              v - ring of willpower

@: heroic
A: no striking features
a: Renounce Religion, Heroism


You were on level 10 of the Dungeon.
You worshipped Okawaru.
Okawaru was greatly pleased with you.
You visited 2 branches of the dungeon, and saw 11 of its levels.
You also visited: Ossuary.

You collected 543 gold pieces.

Inventory:

Hand Weapons
 a - a +4 war axe of flaming (weapon)
 J - the +6 halberd of Causality {venom, *Slow rPois rN+++ Str+6}
   (You found it on level 8 of the Dungeon)

   It poisons the flesh of those it strikes.
   Str:       It affects your strength (+6).
   rPois:     It protects you from poison.
   rN:        It renders you almost immune to negative energy.
   *Slow:     It may slow you when you take damage.
Missiles
 B - a curare-tipped dart (quivered)
Armour
 b - a +0 scale mail (worn)
 c - a +0 kite shield
 y - a +0 helmet (worn)
 F - a scarf of shadows (worn)
 K - a +0 pair of boots (worn)
Jewellery
 g - a +4 ring of evasion (left hand)
 s - an amulet of faith (around neck)
 u - an amulet of the acrobat
 v - a ring of willpower (right hand)
 L - a ring of positive energy
Wands
 D - a wand of mindburst (11)
 H - a wand of polymorph (9)
 M - a wand of flame (20)
 N - a wand of iceblast (9)
Scrolls
 i - a scroll of brand weapon
 j - 3 scrolls of fear
 o - a scroll of amnesia
 p - a scroll of noise
 r - 2 scrolls of fog
 x - 2 scrolls of enchant armour
 A - a scroll of magic mapping {unknown}
 C - a scroll of vulnerability {unknown}
 E - a scroll of blinking {unknown}
 G - a scroll of silence {unknown}
 I - a scroll of summoning {unknown}
 O - a scroll of identify
Potions
 d - 2 potions of curing
 e - a potion of resistance {unknown}
 f - 3 potions of mutation
 h - 2 potions of berserk rage {unknown}
 k - 3 potions of degeneration {unknown}
 l - 3 potions of magic
 m - a potion of brilliance {unknown}
 n - 2 potions of ambrosia
 q - 2 potions of lignification {unknown}
 t - a potion of might
 w - a potion of attraction {unknown}
 z - a potion of haste {unknown}


   Skills:
 * Level 11.7(16.7) Fighting
 - Level 14.0(19.0) Axes
 - Level 3.4(8.4) Armour
 - Level 7.0(12.0) Shields
 * Level 7.0 Invocations


You had 10 spell levels left.
You didn't know any spells.
Your spell library contained the following spells:

 Spells                   Type           Power      Damage    Failure   Level
 Animate Skeleton         Necr           0%         N/A       67%         1
 Pain                     Necr           0%         1d4       67%         1
 Sandblast                Erth           0%         2d4       67%         1
 Passwall                 Tmut/Erth      0%         N/A       82%         2
 Sublimation of Blood     Necr           0%         N/A       82%         2
 Wereblood                Tmut           0%         N/A       82%         2
 Vampiric Draining        Necr           0%         2d6       96%         3
 Animate Dead             Necr           0%         N/A       100%        4
 Borgnjor's Vile Clutch   Necr/Erth      0%         N/A       100%        5
 Lee's Rapid Deconstruct  Erth           0%         3d5*      100%        5
 Death Channel            Necr           0%         N/A       100%        6
 Summon Hydra             Summ           0%         N/A       100%        7


Dungeon Overview and Level Annotations

Branches:
Dungeon (10/15)            Temple (1/1) D:7            Lair (0/6) D:9
Ossuary (visited)
    Orc: D:9-12

Altars:
Ashenzari
Cheibriados
Dithmenos
Elyvilon
Fedhas
Gozag
Makhleb
Nemelex Xobeh
Okawaru
Qazlal
Ru
Sif Muna
Trog
Uskayaw
Vehumet
Wu Jian
Xom
Yredelemnul
Zin
The Shining One

Shops:
D:9 *

Annotations:
D:7 2 transporters, zurenarrh's ghost, novice DDBe


Message History

You slash the white ugly thing! You burn the white ugly thing.
The white ugly thing is moderately wounded.
The white ugly thing misses you.
You barely miss the white ugly thing.
The white ugly thing is moderately wounded.
The white ugly thing pecks you! The white ugly thing freezes you!!
You are too injured to fight recklessly!
You are too injured to fight recklessly!
You are too injured to fight recklessly!
You are too injured to fight recklessly!
You are too injured to fight recklessly!
You are too injured to fight recklessly!
You are too injured to fight recklessly!
You are too injured to fight recklessly!
You are too injured to fight recklessly!
You are too injured to fight recklessly!
You are too injured to fight recklessly!
You are too injured to fight recklessly!
You are too injured to fight recklessly!
You are too injured to fight recklessly!
You are too injured to fight recklessly!
You are too injured to fight recklessly!
You are too injured to fight recklessly!
You are too injured to fight recklessly!
You are too injured to fight recklessly!
You are too injured to fight recklessly!
You barely miss the white ugly thing.
The white ugly thing is moderately wounded.
You slash the white ugly thing! You burn the white ugly thing!
The white ugly thing is heavily wounded.
The white ugly thing pecks you! The white ugly thing freezes you!
* * * LOW HITPOINT WARNING * * *
There is an open door, spattered with blood here.
You slice the white ugly thing!! You burn the white ugly thing.
You punch the white ugly thing!
The white ugly thing is almost dead.
The white ugly thing pecks you!
* * * LOW HITPOINT WARNING * * *
The white ugly thing freezes you!!
You die...

## ### #.. ..# .###..
#[#8. #$##'## #..8###
#(..u@# #)##'##.#
############
#[#8.##.#####..........#
.###..##................#
#..
.)####...............# ##
####..+.(.............#
#.##........########
#.#.......>.#...)...
#.#.........##.#####


You could see a white ugly thing.

Vanquished Creatures
  An ogre mage (D:10)
  An oklob plant (D:8)
  A manticore (D:10)
  A salamander (shapeshifter) (D:10)
  4 slime creatures (D:10)
  Grinder (D:3)
  A meliai zombie (D:10)
  Sigmund (D:6)
  A yak (D:10)
  A shadow (D:6)
  A wyvern (D:9)
  A steam dragon (D:9)
  Menkaure (D:6)
  A water moccasin (D:5)
  A sky beast (D:5)
  A black bear (D:8)
  2 ogres
  A necrophage (D:6)
  A centaur (D:10)
  A kobold brigand (D:8)
  A phantom (D:4)
  A bullfrog (D:6)
  3 gnoll sergeants
  3 scorpions
  2 water moccasin zombies (Ossuary)
  A water moccasin skeleton (D:7)
  15 wights
  3 centaur zombies
  2 hounds
  A bullfrog skeleton (D:6)
  2 orc priests
  2 jellies
  Jessica (D:3)
  A gnoll shaman (D:8)
  Terence (D:3)
  An iguana (D:7)
  2 orc wizards (D:6)
  3 killer bee zombies (D:7)
  3 mummies
  A howler monkey zombie (D:9)
  14 gnolls
  4 adders
  A white imp (D:7)
  2 ufetubi
  7 adder zombies (Ossuary)
  A worm (D:3)
  A dart slug (D:5)
  25 orcs
  4 bats
  3 endoplasms
  4 giant cockroaches
  7 gnoll zombies (Ossuary)
  4 goblins
  9 hobgoblins
  3 jackals (D:2)
  8 quokkas
  6 ball pythons
  4 frilled lizards
  5 hobgoblin zombies (Ossuary)
  15 kobolds
  8 kobold zombies (Ossuary)
  5 orc zombies (Ossuary)
  7 rats
  16 bushes
236 creatures vanquished.

Vanquished Creatures (others)
  70 plants
70 creatures vanquished.

Grand Total: 306 creatures vanquished

Notes
Turn   | Place    | Note
-------+----------+-------------------------------------------
     0 | D:1      | Crownlay the Hill Orc Fighter began the quest for the Orb.
     0 | D:1      | Reached XP level 1. HP: 19/19 MP: 1/1
   262 | D:1      | Reached skill level 3 in Axes
   262 | D:1      | Reached XP level 2. HP: 27/27 MP: 2/2
  1529 | D:2      | Reached skill level 4 in Axes
  1566 | D:2      | Reached XP level 3. HP: 30/33 MP: 3/3
  1953 | D:2      | Reached skill level 5 in Axes
  2211 | D:3      | Noticed Terence
  2220 | D:3      | Killed Terence
  2221 | D:3      | Reached XP level 4. HP: 19/40 MP: 4/4
  2589 | D:3      | Noticed Grinder
  2592 | D:3      | You fall into a shaft and drop 2 floors!
  2592 | D:5      | Entered Level 5 of the Dungeon
  2637 | D:5      | Found a sand-covered staircase.
  2644 | D:5      | Reached skill level 6 in Axes
  2647 | Ossuary  | Entered an ossuary
  2785 | Ossuary  | Reached XP level 5. HP: 46/46 MP: 5/5
  2827 | Ossuary  | Reached skill level 7 in Axes
  2966 | Ossuary  | Reached skill level 8 in Axes
  2966 | Ossuary  | Reached XP level 6. HP: 52/52 MP: 6/6
  3209 | D:5      | Noticed a water moccasin
  3219 | D:5      | Killed a water moccasin
  3220 | D:5      | Reached skill level 9 in Axes
  3461 | D:3      | Found a faded altar of an unknown god.
  3569 | D:3      | Noticed Jessica
  3573 | D:3      | Killed Jessica
  3575 | D:3      | Found a burning altar of Makhleb.
  3575 | D:3      | Found a sacrificial altar of Ru.
  3683 | D:3      | Reached XP level 7. HP: 35/58 MP: 7/7
  3684 | D:3      | Killed Grinder
  3685 | D:3      | Reached skill level 10 in Axes
  4132 | D:4      | Reached skill level 11 in Axes
  4381 | D:4      | Found an opulent altar of Gozag.
  4504 | D:4      | Reached XP level 8. HP: 51/66 MP: 8/8
  5339 | D:5      | Found a glowing golden altar of the Shining One.
  5539 | D:5      | Reached skill level 12 in Axes
  5986 | D:6      | Noticed Sigmund
  6008 | D:6      | Killed Sigmund
  6009 | D:6      | Reached skill level 13 in Axes
  6087 | D:6      | Noticed a shadow
  6096 | D:6      | Killed a shadow
  6193 | D:6      | Reached XP level 9. HP: 71/71 MP: 9/9
  6263 | D:6      | Noticed Menkaure
  6271 | D:6      | Killed Menkaure
  6272 | D:6      | Reached skill level 14 in Axes
  6633 | D:6      | Reached skill level 5 in Fighting
  7198 | D:7      | Found a staircase to the Ecumenical Temple.
  7207 | Temple   | Entered the Ecumenical Temple
  7375 | Temple   | Became a worshipper of Warmaster Okawaru
  7516 | D:7      | Found a white marble altar of Elyvilon.
  7613 | D:7      | Noticed a gargoyle
  7616 | D:7      | Found a transporter.
  7616 | D:7      | Noticed zurenarrh's ghost (novice DDBe)
  7619 | D:7      | Found a transporter.
  7923 | D:8      | Reached skill level 5 in Shields
  7944 | D:8      | Reached * piety under Okawaru
  8723 | D:8      | Identified the +6 halberd of Causality {venom, *Slow rPois
                  | rN+++ Str+6}
  8964 | D:8      | Found a blossoming altar of Fedhas.
  8975 | D:8      | Noticed an oklob plant
  9464 | D:8      | Killed an oklob plant
  9464 | D:8      | Reached ** piety under Okawaru
  9465 | D:8      | Reached XP level 10. HP: 29/91 MP: 10/10
  9851 | D:9      | Found a staircase to the Lair.
  9860 | D:9      | Found Cokk's General Store.
 10594 | D:9      | Found a radiant altar of Vehumet.
 10955 | D:10     | Entered Level 10 of the Dungeon
 10963 | D:10     | Reached skill level 10 in Fighting
 11185 | D:10     | Reached *** piety under Okawaru
 11186 | D:10     | Reached skill level 1 in Invocations
 11421 | D:10     | Reached **** piety under Okawaru
 11446 | D:10     | Noticed an ogre mage
 11480 | D:10     | Noticed a manticore
 11493 | D:10     | Killed a manticore
 11494 | D:10     | Reached skill level 5 in Invocations
 11505 | D:10     | HP: 4/95 [ogre mage (2)]
 11872 | D:10     | Paralysed by something for 3 turns
 11883 | D:10     | Killed an ogre mage
 11960 | D:10     | Noticed a salamander
 11970 | D:10     | Killed a salamander
 11970 | D:10     | Reached ***** piety under Okawaru
 11971 | D:10     | Reached XP level 11. HP: 87/103 MP: 13/16
 12053 | D:10     | Noticed a white ugly thing
 12068 | D:10     | Demolished by a white ugly thing

Illustrated notes

Levels and vault maps discovered:
D:1:      minmay_arrival_jagged, layout_basic, serial_forest,
          infiniplex_forest_clump_C, infiniplex_forest_lined_room_2,
          infiniplex_forest_lined_1, infiniplex_forest_lined_2,
          infiniplex_forest_straight_3, infiniplex_forest_end_double,
          infiniplex_forest_end_3
D:2:      layout_basic, chequers_decorated_corner
D:3:      layout_rooms, minitemple, ebering_ecumenical_altar_abandoned,
          serial_forest, infiniplex_forest_lined_ring,
          infiniplex_forest_lined_room_, infiniplex_forest_corner_1,
          infiniplex_forest_lined_room_, infiniplex_forest_clump_small,
          infiniplex_forest_clump_curved, infiniplex_forest_diagonal,
          infiniplex_forest_lined_room_, infiniplex_forest_lined_3,
          corexii_item_surrounded_by_moat, uniq_grinder, uniq_jessica,
          uniq_terence
D:4:      layout_basic, lemuel_doored_altar, minmay_stone_trees_large
D:5:      layout_loops_cross, mainiacjoe_overflow_small_starburst,
          gup_ossuary_entry_pyramid
D:6:      layout_rooms, serial_bayou_lagoon_a, uniq_sigmund, uniq_menkaure
D:7:      layout_rooms, elyvilon_altar_1, minmay_temple_entry_slanted,
          gammafunk_ghost_arena, interstate_on_off
D:8:      layout_loops_ring, tgw_fedhas
D:9:      layout_small_grid, nicolae_vehumet_altar_sigil, lair_entry_dummy,
          serial_shops, shop, minivault_26
D:10:     minmay_chambers_of_sixes, layout_basic, feat_on_display
Temple:   regret_index_temple_generic_petals

Skill      XL: |  1  2  3  4  5  6  7  8  9 10 11 |
---------------+----------------------------------+-----
Axes           | 3 4 5 6 8 9 11 13 14 | 14.0
Fighting       | 9 11 | 11.7
Shields        | 6 7 |  7.0
Invocations    | 6 7 |  7.0
Armour         | |  3.4

Action                   |  1- 3 |  4- 6 |  7- 9 | 10-12 || total
-------------------------+-------+-------+-------+-------++-------
Melee: War axe           |   221 |   153 |   442 |   164 ||   980
       Punch             |       |       |       |     2 ||     2
Invok: Heroism           |       |       |       |     4 ||     4
  Use: Potion            |     1 |     1 |     2 |     1 ||     5
       Scroll            |       |     3 |    11 |     2 ||    16
 Stab: Distracted        |       |     1 |       |       ||     1
Armor: Scale mail        |    78 |    39 |    52 |    26 ||   195
Dodge: Dodged            |   120 |    94 |   126 |    60 ||   400
